 Dungeon Crawl Stone Soup version 0.30.1-11-g7821555f0a (webtiles) character file.

Game seed: 9374949099693628148

2795 lonewolfV2 the Fighter (level 9, -2/86 HPs)
             Began as a Minotaur Fighter on Nov 14, 2023.
             Was a Believer of Qazlal.
             Slain by a gnoll
             ... wielding a +4 halberd
              (15 damage)
             ... on level 7 of the Dungeon.
             The game lasted 00:10:18 (6853 turns).

lonewolfV2 the Fighter (Minotaur Fighter)           Turns: 6853, Time: 00:10:19

Health: -2/86      AC:  9    Str: 29    XL:     9   Next: 43%
Magic:  12/12      EV: 12    Int:  5    God:    Qazlal [**....]
Gold:   389        SH:  8    Dex: 12    Spells: 8/8 levels left

rFire   . . .        u - +4 war axe (vamp)
rCold   . . .        c - +0 buckler
rNeg    . . .        b - +0 scale mail
rPois   .            (helmet restricted)
rElec   .            (no cloak)
rCorr   .            g - +0 pair of gloves
SInv    .            (no boots)
Will    .....        (no amulet) Stlth
                     s - +6 ring of strength
HPRegen 0.34/turn    (no ring)
MPRegen 0.13/turn

%: no passive effects
@: no status effects
A: horns 2, retaliatory headbutt
a: Renounce Religion, Upheaval


You were on level 7 of the Dungeon.
You worshipped Qazlal.
Qazlal was pleased with you.
You visited 2 branches of the dungeon, and saw 8 of its levels.
You also visited: Ossuary.

You collected 389 gold pieces.

Inventory:

Hand Weapons
 u - a +4 vampiric war axe (weapon)
Armour
 b - a +0 scale mail (worn)
 c - a +0 buckler (worn)
 g - a +0 pair of gloves (worn)
Jewellery
 l - a ring of wizardry
 s - a +6 ring of strength (left hand)
Wands
 n - a wand of polymorph (6)
 o - a wand of acid (11)
 y - a wand of iceblast (5)
Scrolls
 f - 4 scrolls of teleportation
 v - a scroll of silence
 w - 3 scrolls of magic mapping
 z - a scroll of identify
Potions
 a - a potion of brilliance {unknown}
 d - 5 potions of might
 e - 2 potions of flight {unknown}
 h - 3 potions of attraction
 i - 2 potions of lignification
 j - 2 potions of cancellation
 k - 5 potions of mutation
 m - 3 potions of magic
 p - 2 potions of heal wounds
 q - 2 potions of haste
 r - a potion of resistance {unknown}
 t - 4 potions of curing
 x - a potion of invisibility {unknown}


   Skills:
 - Level 10.5 Fighting
 - Level 2.4 Axes
 * Level 8.2 Armour
 - Level 5.0 Dodging
 - Level 3.6 Shields
 - Level 6.2 Invocations


You had 8 spell levels left.
You didn't know any spells.
Your spell library contained the following spells:

 Spells                   Type           Power      Damage    Failure   Level
 Beastly Appendage        Tmut           0%         N/A       77%         1
 Necrotise                Necr           0%         1d4       77%         1
 Wereblood                Tmut           0%         N/A       88%         2
 Spider Form              Tmut/Pois      0%         N/A       98%         3
 Vampiric Draining        Necr           0%         2d6       98%         3
 Animate Dead             Necr           0%         N/A       100%        4
 Agony                    Necr           0%         N/A       100%        5
 Haunt                    Necr/Summ      0%         N/A       100%        7
 Infestation              Necr           0%         N/A       100%        8


Dungeon Overview and Level Annotations

Branches:
Dungeon (7/15)             Temple (1/1) D:4         Ossuary (visited)

Altars:
Ashenzari
Cheibriados
Elyvilon
Fedhas
Gozag
Hepliaklqana
Kikubaaqudgha
Makhleb
Nemelex Xobeh
Okawaru
Qazlal
Ru
Sif Muna
Trog
Uskayaw
Vehumet
Wu Jian
Xom
Zin
The Shining One

Shops:
D:2 [


Innate Abilities, Weirdness & Mutations

You have a pair of horns on your head.
You reflexively headbutt those who attack you in melee.


Message History

A gnoll comes into view. It is wielding a +4 halberd.
There are monsters nearby!
There are monsters nearby!
The gnoll shouts! x3
The gnoll closely misses you. You block the gnoll's attack.
The gnoll closely misses you.
You hit the gnoll but do no damage. You headbutt the gnoll!
The gnoll is severely wounded.
You closely miss the gnoll. The gnoll hits you but does no damage.
The gnoll hits you from afar with a +0 halberd!
The gnoll hits you from afar with a +4 halberd.
You slash the gnoll!
You feel better.
You kill the gnoll!
Qazlal accepts your kill.
You closely miss the gnoll. The gnoll misses you. x2
The gnoll throws a throwing net.
The throwing net closely misses you. The gnoll barely misses you.
The gnoll hits you from afar with a +4 halberd!
The gnoll hits you with a +0 halberd.
Things that are here:
a +0 whip; a throwing net; a gnoll corpse You slash the gnoll!
The gnoll is heavily wounded.
You hit the gnoll.
The gnoll hits you with a +0 great mace!
The gnoll hits you from afar with a +4 halberd.
The gnoll barely misses you. The gnoll misses you.
The gnoll hits you from afar with a +4 halberd.
The gnoll hits you with a +0 halberd.
You hit the gnoll but do no damage.
The gnoll is heavily wounded.
You slash the gnoll!
You feel better. You block the gnoll's attack. The gnoll closely misses you.
The gnoll hits you with a +0 halberd.
The gnoll hits you with a +0 great mace!
* * * LOW HITPOINT WARNING * * *
The gnoll hits you with a +4 halberd!
* * * LOW HITPOINT WARNING * * *
The gnoll barely misses you. The gnoll closely misses you.
The gnoll hits you with a +4 halberd!
You die...

##......# ...#
#...#...## ..#
#..###...##..# ####
##†....# #.....#
##.....# #
#......### .#.
##..#....######....
####......@g......
#.....g........
#(....°)g....##
##..##>.....##
#..##......#
##......).##
##........#
##........#
##.........


You could see 3 gnolls.

Vanquished Creatures
  A wraith (D:7)
  Eustachio (D:5)
  A steam dragon (D:6)
  An orc warrior (D:6)
  2 ice beasts
  An ogre (D:5)
  3 centaurs
  3 phantoms
  Blork the orc (D:5)
  2 bullfrogs
  A necrophage (D:7)
  5 scorpions
  3 killer bees (D:7)
  A centaur zombie (Ossuary)
  2 human zombies (Ossuary)
  2 orc priests
  3 hounds (D:5)
  5 iguanas
  A jelly (D:5)
  Ijyb (D:5)
  A sleepcap (D:7)
  3 orc wizards
  A centaur simulacrum (D:7)
  3 mummies (Ossuary)
  A howler monkey zombie (D:7)
  A killer bee simulacrum (D:7)
  A gnoll (D:7)
  8 adders
  2 shadow imps
  2 white imps
  An ufetubus (D:5)
  2 worm zombies (D:5)
  A worm (D:4)
  A dart slug (D:3)
  24 orcs
  13 ball pythons
  4 endoplasms
  3 giant cockroaches
  3 gnoll zombies
  7 hobgoblins
  10 jackals
  7 kobolds
  6 quokkas
  6 bats
  2 frilled lizards (D:1)
  5 goblins
  2 hobgoblin zombies (Ossuary)
  2 kobold zombies
  10 rats
172 creatures vanquished.

Vanquished Creatures (others)
  A bullfrog skeleton (D:7)
1 creature vanquished.

Grand Total: 173 creatures vanquished

Notes
Turn   | Place    | Note
-------+----------+-------------------------------------------
     0 | D:1      | lonewolfV2 the Minotaur Fighter began the quest for the
                  | Orb.
     0 | D:1      | Reached XP level 1. HP: 19/19 MP: 0/0
    80 | D:1      | Reached skill level 1 in Dodging
   164 | D:1      | Reached XP level 2. HP: 26/27 MP: 1/1
   192 | D:1      | Reached skill level 4 in Fighting
   359 | D:1      | Reached XP level 3. HP: 33/33 MP: 2/2
   924 | D:2      | Reached XP level 4. HP: 33/41 MP: 3/3
  1019 | D:2      | Found Vunyagij's Antique Armour Shoppe.
  1253 | D:2      | Found a faded altar of an unknown god.
  1597 | D:3      | Found a sparkling altar of Nemelex Xobeh.
  1597 | D:3      | Found an opulent altar of Gozag.
  2131 | D:4      | Found a shimmering blue altar of Sif Muna.
  2131 | D:4      | Noticed a phantom
  2135 | D:4      | Reached XP level 5. HP: 47/47 MP: 4/4
  2139 | D:4      | Killed a phantom
  2140 | D:4      | Reached skill level 5 in Fighting
  2144 | D:4      | Reached skill level 5 in Dodging
  2387 | D:4      | Found a staircase to the Ecumenical Temple.
  2592 | Temple   | Entered the Ecumenical Temple
  2823 | Temple   | Became a worshipper of Qazlal Stormbringer
  3440 | D:5      | Entered Level 5 of the Dungeon
  3481 | D:5      | Found a sand-covered staircase.
  3508 | D:5      | Reached skill level 1 in Invocations
  3508 | D:5      | Reached XP level 6. HP: 43/56 MP: 4/6
  3561 | Ossuary  | Entered an ossuary
  4105 | D:5      | Noticed Blork the orc
  4113 | D:5      | Noticed Ijyb
  4114 | D:5      | Killed Blork the orc
  4114 | D:5      | Reached * piety under Qazlal
  4122 | D:5      | Killed Ijyb
  4169 | D:5      | Noticed Eustachio
  4186 | D:5      | Killed Eustachio
  4187 | D:5      | Reached skill level 5 in Invocations
  4187 | D:5      | Reached XP level 7. HP: 61/61 MP: 9/9
  4376 | D:5      | Found a sacrificial altar of Ru.
  4700 | D:5      | Reached skill level 6 in Fighting
  4725 | D:5      | Reached XP level 8. HP: 55/71 MP: 11/11
  4726 | D:5      | Reached skill level 7 in Fighting
  4787 | D:5      | Reached skill level 8 in Fighting
  4916 | D:6      | Reached ** piety under Qazlal
  4941 | D:6      | Reached skill level 9 in Fighting
  5659 | D:6      | Reached skill level 10 in Fighting
  6225 | D:7      | Reached XP level 9. HP: 69/86 MP: 12/12
  6229 | D:7      | Reached skill level 5 in Armour
  6594 | D:7      | Identified the +11 dagger "Ubai" {pain, Will+ Int+2}
  6760 | D:7      | Identified the +5 trident of the Modern Tales {drain, *Rage
                  | rC+++ Str-3 SInv}
  6853 | D:7      | Slain by a gnoll

Illustrated notes

Levels and vault maps discovered:
D:1:      elethiomel_arrival_diamonds, layout_loops_ring, kennysheep_boxes
D:2:      layout_rooms, serial_shops, shop, shapermc_ecumenical_altar_hornbeckon
D:3:      layout_loops_cross, grunt_temple_overflow_opulence
D:4:      layout_layer_cave, nicolae_sif_muna_condensation,
          minmay_temple_entry_slanted, minmay_misc_feat_columns
D:5:      minmay_bubble_buster, layout_basic, hangedman_ru_absence,
          enter_ossuary_3, uniq_eustachio, uniq_blork_the_orc, uniq_ijyb
D:6:      layout_gridville
D:7:      layout_layer_cave, dilly_guarded_unrand_morg
Temple:   eino_temple_scatter_basement

Skill      XL: |  1  2  3  4  5  6  7  8  9 |
---------------+----------------------------+-----
Dodging        | 1 2 3 4 5 |  5.0
Fighting       | 4 5 6 10 | 10.5
Invocations    | 1 5 6 |  6.2
Armour         | 4 8 |  8.2
Axes           | |  2.4
Shields        | |  3.6

Action                     |  1- 3 |  4- 6 |  7- 9 || total
---------------------------+-------+-------+-------++-------
  Melee: War axe           |    76 |   137 |   139 ||   352
         Headbutt          |     7 |    24 |    27 ||    58
    Use: Scroll            |     1 |    13 |     4 ||    18
 Armour: Scale mail        |    52 |    49 |    64 ||   165
  Dodge: Dodged            |    60 |    64 |   106 ||   230
  Block: Buckler           |    31 |    31 |    66 ||   128
